 Dungeon Sprint DCSS version 0.31-a0-276-ge00219d475 (webtiles) character file.

Game seed: 9716187499473491287

3 Conn the Firebug (level 1, -1/11 HPs)
             Began as an Octopode Fire Elementalist on July 15, 2023.
             Slain by Jessica
             ... wielding a +0 dagger
              (7 damage)
             ... in the Dungeon (Sprint III: "The Ten Rune Challenge").
             The game lasted 00:00:56 (139 turns).

Conn the Firebug (Octopode Fire Elementalist)        Turns: 139, Time: 00:00:57

Health: -1/11      AC:  1    Str: 13    XL:     1   Next: 50%
Magic:  2/3        EV: 13    Int: 17    God:
Gold:   0          SH:  0    Dex: 12    Spells: 3/4 levels left

rFire   . . .        (no weapon)
rCold   . . .        (no shield)
rNeg    . . .        (helmet restricted)
rPois   .            (no amulet)
rElec   .            g - +6 ring of strength
rCorr   .            (no ring)
SInv    .            (no ring)
Will    .....        (no ring)
Stlth   +++          (no ring)
HPRegen 0.21/turn    (no ring)
MPRegen 0.08/turn    (no ring)
                     (no ring)

%: no teleportation
@: slowed, very slow
A: almost no armour, amphibious, 8 rings, camouflage 1, gelatinous body 1,
(nimble swimmer 1), tentacles
a: no special abilities


You were in the Dungeon.
You visited 1 branch

Inventory:

Jewellery
 g - a +6 ring of strength (left tentacle)
Scrolls
 f - a scroll of blinking
Potions
 a - 3 potions of magic
 b - a potion of curing
 d - 2 potions of haste
 e - a potion of berserk rage


   Skills:
 + Level 2.3 Dodging
 + Level 2.9 Stealth
 + Level 2.3 Spellcasting
 + Level 1.0 Conjurations
 + Level 3.6 Fire Magic


You had 3 spell levels left.
You knew the following spells:

 Your Spells              Type           Power      Damage    Failure   Level
a - Foxfire               Conj/Fire      36%        2x1d5     7%          1

Your spell library contained the following spells:

 Spells                   Type           Power      Damage    Failure   Level
 Scorch                   Fire           28%        2d6       6%          2
 Inner Flame              Hex/Fire       8%         N/A       26%         3
 Volatile Blastmotes      Fire/Tloc      16%        2d11      26%         3
 Flame Wave               Conj/Fire      9%         2d6       56%         4


Dungeon Overview and Level Annotations

Branches:
Dungeon (1/1)

Altars:

Annotations:
D Jessica


Innate Abilities, Weirdness & Mutations

You cannot wear most types of armour.
You are amphibious.
You can wear up to eight rings at the same time.
Your skin changes colour to match your surroundings (Stealth+).
Your rubbery body absorbs attacks. (AC +1, EV +1)
((You are camouflaged when in or above water. (Stealth+)))
You have tentacles for arms and can constrict up to eight enemies at once.


Message History

You start resting.
Your foxfire dissipates!
You start resting.
Your foxfire dissipates!
You start resting.
Magic restored.
Jessica the Apprentice Sorceress comes into view.
She is wielding a +0 dagger.
Jessica shouts!
Jessica gestures at you while chanting. Pain shoots through your body!
Ouch! That really hurt!
* * * LOW HITPOINT WARNING * * *
Casting: Foxfire (safe; 7% risk of failure)
Confirm with . or Enter, or press ? or * to list all spells.
Okay, then.
Unknown command.
Unknown command.
Unknown command.
Unknown command.
Jessica gestures at you while chanting.
You feel yourself slow down.
You aren't carrying any items that you can evoke.
You feel much better.
Casting: Foxfire (safe; 7% risk of failure)
Confirm with . or Enter, or press ? or * to list all spells.
You conjure some foxfire!
The foxfire hits Jessica.
Jessica is moderately wounded.
Unknown command.
You barely miss Jessica. Your grab misses Jessica. Your squeeze misses Jessica.
Jessica is moderately wounded.
The foxfire hits Jessica.
Jessica is severely wounded.
Jessica hits you with a +0 dagger.
Unknown command.
You tentacle-slap Jessica but do no damage.
You grab Jessica.
Jessica is severely wounded.
You constrict Jessica. Jessica misses you. Jessica hits you with a +0 dagger!
Ouch! That really hurt!
You die...

▓▓▓▓▓▓▓▓▓
▓<..#...####
▓...#......##
▓..##.......#
▓##.##.##@..#
##.##.###@.#
▓#.####.##..#
▓.###..##..##
▓#.....##..#
###..##@..#
##..##....#
#..###..##.
#..# #.. #


You could see Jessica.

Vanquished Creatures
  2 endoplasms (D)
  A rat (D)
3 creatures vanquished.

Vanquished Creatures (others)
  15 foxfires (D)
15 creatures vanquished.

Grand Total: 18 creatures vanquished

Notes
Turn   | Place    | Note
-------+----------+-------------------------------------------
     0 | D        | Conn the Octopode Fire Elementalist began the quest for the
                  | Orb.
     0 | D        | Reached XP level 1. HP: 11/11 MP: 3/3
   132 | D        | Noticed Jessica
   139 | D        | Slain by Jessica

Illustrated notes

Levels and vault maps discovered:
D:        dungeon_sprint_mu [sprint_mu_entry_cave, sprint_mu_temple_rooms,
          sprint_mu_d1_spiders, sprint_mu_d2_genie, sprint_mu_d3_branching,
          sprint_mu_orc_legion, sprint_mu_elf_gauntlet, sprint_mu_hive_nellie,
          sprint_mu_lair_fedhas, sprint_mu_vaults_butterflies,
          sprint_mu_slime_circle, sprint_mu_swamp_cave, sprint_mu_shoals_archi,
          sprint_mu_blade_basic, sprint_mu_crypt_chambers,
          sprint_mu_tomb_spiral, sprint_mu_vestibule_basic,
          sprint_mu_gehenna_hellfire, sprint_mu_dis_giant,
          sprint_mu_tartarus_statrot, sprint_mu_cocytus_islands, sprint_mu_zot1]

Action                     || total
---------------------------++-------
  Melee: Unarmed           ||     2
         Constrict         ||     1
   Cast: Foxfire           ||     9
    Use: Potion            ||     1
  Dodge: Dodged            ||     1

Table legend: (Time is in decaauts)
 A = Elapsed time spent in this place.
 B = Non-inter-level travel time spent in this place.
 C = Inter-level travel time spent in this place.
 D = Time resting spent in this place.
 E = Time spent auto-exploring this place.
 F = Levels seen in this place.
 G = Mean time per level.
                   A        B        C        D        E       F      G
               +--------+--------+--------+--------+--------+-----+--------+
         Total |    140 |    140 |      0 |     75 |      0 |   1 |  140.0 |
       Dungeon |    140 |    140 |      0 |     75 |      0 |   1 |  140.0 |
               +--------+--------+--------+--------+--------+-----+--------+

Top non-repeatable levels by time:
       D: 140 daAuts
